Workbook

Sheet TIPO B
A1: PRESUPUESTO MEJORAMIENTO DE VIVIENDA PARA MUJER RURAL SANTA ROSA DE OSOS
A2: TIPOLOGIA B - ALCANTARILLADO
A4: ITEM | B4: DESCRIPCION | C4: UN | D4: CANT | E4: VALOR UNITARIO | F4: VALOR TOTAL
A5: POZO SÉPTICO Y POZO DE INFILTRACIÓN | F5: =SUM(F6+F8) -> 4654274
A6: 1. | B6: PRELIMINARES Y EXCAVACIÓN | F6: =SUM(F7) -> 285450.48
A7: 1.2.1 | B7: Excavación manual de 0.00 a 2.00 m. Incluye el acarreo interno y disposición del material en el sitio. No incluye transporte ni botada externa del material. Su medida será en sitio. | C7: m3 | D7: 6.48 | E7: 44051 | F7: =D7*E7 -> 285450.48
A8: 8,1 | B8: POZO SEPTICO + POZO DE INFILTRACIÓN | F8: =SUM(F9:F12) -> 4368823.5
A9: 8.11 | B9: Sistema séptico Integrado con capacidad de 1500 Lt o superior, en polietileno lineal de alta densidad o fibra de vidrio reforzada con poliester. Incluye acelerante biológico, filtros tipo colmena o rosetón y todos los elementos necesarios para su correcta instalación. Debera cumplir NTC 5770 2010-06-16 Sistemas de saneamiento Básico para tanques sépticos prefabricados con materiales plasticos | C9: Un | D9: 1 | E9: 3198480 | F9: =D9*E9 -> 3198480
A10: 8.4 | B10: Instalación de Tuberia PVC sanitaria 2". Incluye el suministro de la tubería, accesorios, limpiador, soldadura y todos los elementos necesarios para su correcta ejecución. | C10: m | D10: 6 | E10: 36847 | F10: =D10*E10 -> 221082
A11: 8.6 | B11: Instalación de tuberia PVC sanitaria 4". Incluye el suministro de la tubería, accesorios, limpiador, soldadura y todos los elementos necesarios para su correcta ejecución. | C11: m | D11: 6.75 | E11: 60542 | F11: =D11*E11 -> 408658.5
A12: 8.14 | B12: Construcción de pozo de Infiltración de 1.50 m de diametro y profundidad de 1.2 m, Incluye tuberia y accesorios PVC 4", profundidad de relleno en triturado 1 m. Se recubre el triturado con geotextil NT1600 y plástico negro y se comple la brecha con lleno de material de la excavación. | C12: Un | D12: 1 | E12: 540603 | F12: =D12*E12 -> 540603
A13: UNIDAD SANITARIA NUEVA | F13: =SUM(F54+F52+F45+F39+F35+F32+F29+F27+F23+F18) -> 7208448.9 | H13: =#REF!-F13 -> #REF!
A14: 1. | B14: PRELIMINARES Y EXCAVACIÓN | F14: =SUM(F15:F17) -> 182640.15
A15: 1.14 | B15: Replanteo por medios manuales. Incluye demarcación, línea de trazado y todo lo necesario para su correcta ejecución. | C15: m2 | D15: 3.67 | E15: 7260 | F15: =D15*E15 -> 26644.2
A16: 1.2.1 | B16: Excavación manual de 0.00 a 2.00 m. Incluye el acarreo interno y disposición del material en el sitio. No incluye transporte ni botada externa del material. Su medida será en sitio. | C16: m3 | D16: 0.55 | E16: 44051 | F16: =D16*E16 -> 24228.05
A17: 1.2.4 | B17: Entresuelo en triturado y arena de concreto, compactados manualmente. Incluye transporte interno. Su medida será en sitio ya compactado. | C17: m3 | D17: 0.55 | E17: 239578 | F17: =D17*E17 -> 131767.9
A18: 2. | B18: CONCRETOS Y PISO | F18: =SUM(F19:F22) -> 821484.71
A19: 2.7 | B19: Vaciado de viga de amarre superior en concreto a la vista de 21MPa sobre mampostería de sección 0.10x0.20m. Incluye formaleta, equipo y todo lo necesario para su correcta colocación y funcionamiento. | C19: m | D19: 1.09 | E19: 53808 | F19: =D19*E19 -> 58650.72
A20: 2.8 | B20: Vaciado de viga cinta en concreto a la vista de 21MPa sobre mampostería de sección 0.10x0.15m. Incluye formaleta, equipo y todo lo necesario para su correcta colocación y funcionamiento. | C20: m | D20: 7.28 | E20: 34659 | F20: =D20*E20 -> 252317.52
A21: 2.10 | B21: Construcción de piso en concreto de 21 MPA, acabado llaneado, e=8 cm, reforzado con malla electrosoldada D84. Incluye el concreto, la malla, formaletería, polietileno y todo lo necesario para su correcta instalación. | C21: m2 | D21: 3.67 | E21: 97345 | F21: =D21*E21 -> 357256.15
A22: 2.11 | B22: Suministro e instalación de acero de refuerzo Fy= 420MPa, corrugado. Incluye transporte con descarga, transporte interno, figurado, alambre de amarre, certificados y todos los elementos necesarios para su correcta instalación, según diseño y recomendaciones estructurales. | C22: kg | D22: 22.26 | E22: 6885.01 | F22: =D22*E22 -> 153260.32
A23: 3. | B23: MAMPOSTERÍA | F23: =SUM(F24:F26) -> 1924046.3
A24: 3.4 | B24: Suministro, transporte y colocación de concreto fluido para dovelas en mampostería estructural. Incluye grouting de 21 MPA, espaciadas de acuerdo a los diseños, o en su defecto cada 1.20 m y en las intersecciones de muros. | C24: m | D24: 12.93 | E24: 27394 | F24: =D24*E24 -> 354204.42
A25: 3.5 | B25: Construcción de mampostería en bloque de concreto, perforación vertical, de 10x20x40 cm, resistencia de 10 MPA. Incluye el suministro, transporte y colocación del bloque vertical, el mortero de pega 1:4, espesor max=0.01 m, refuerzo horizontal en dos grafiles de 4mm cada 60cm, encorozados y todos los elementos necesarios para su correcta instalación. Todos los cortes serán realizados a máquina. | C25: m2 | D25: 14.95 | E25: 98982 | F25: =D25*E25 -> 1479780.9
A26: 3.6 | B26: Construcción de mampostería en bloque calado de 0,10x0,20x0,20m, según detalle, revitado a dos caras, sin rebabas. Incluye el suministro, transporte y colocación del ladrillo, el mortero de pega, angeo y todos los elementos necesarios para su correcta instalación. | C26: m2 | D26: 0.48 | E26: 187627 | F26: =D26*E26 -> 90060.96
A27: 4. | B27: REVOQUE | F27: =SUM(F28) -> 228034.8
A28: 4.3 | B28: Revoque impermeabilizado sobre muros, incluye fajas y filetes y todos los elementos necesarios para su ejecución. | C28: m2 | D28: 6.3 | E28: 36196 | F28: =D28*E28 -> 228034.8
A29: 5. | B29: ENCHAPES PISO Y PARED | F29: =SUM(F30+F31) -> 861252.97
A30: 5.1 | B30: Suministro e instalación de enchape ceramico para pared de zonas humedas (Baño, cocina, lavadero), incluye todos los elementos necesarios para su ejecución. | C30: m2 | D30: 6.3 | E30: 93209.1 | F30: =D30*E30 -> 587217.33
A31: 5.2 | B31: Suministro e instalación de enchape piso para zonas humedas (Baño,patio), incluye todos los elementos necesarios para su ejecución. | C31: m2 | D31: 2.94 | E31: 93209.4 | F31: =D31*E31 -> 274035.64
A32: 6. | B32: APARATOS SANITARIOS | F32: =SUM(F33:F34) -> 801181
A33: 6.1 | B33: Suministro, transporte y colocación de combo sanitario económico tipo laguna o similar sin pedestal, color blanco, Incluye: Sanitario de 4.8lt, lavamanos de colgar, grifería y tres accesorios de incrustación a pared (portapel, jabonera y toallero), válvula de regulación o abasto y demas accesorios para su correcta instalación y funcionamiento. | C33: Un | D33: 1 | E33: 659649 | F33: 659649
A34: 6.4 | B34: Suministro, transporte y colocación de Kit Ducha sencilla + llave individual (tipo piscis o similar). Incluye todos los elementos necesarios para su instalación y funcionamiento. | C34: Un | D34: 1 | E34: 141532 | F34: 141532
A35: 7. | B35: REDES HIDRÁULICAS | F35: =SUM(F36:F38) -> 229931
A36: 7.1 | B36: Punto hidraulico 1/2" presión L= 1.5m max. Incluye el suministro de la tubería, accesorios, limpiador, soldadura y todos los elementos necesarios para su correcta ejecución. | C36: Un | D36: 3 | E36: 38473 | F36: =D36*E36 -> 115419
A37: 7.2 | B37: Tuberia PVC presión 1/2". Incluye el suministro de la tubería, accesorios, limpiador, soldadura y todos los elementos necesarios para su correcta ejecución. | C37: m | D37: 6 | E37: 11786 | F37: =D37*E37 -> 70716
A38: 7.3 | B38: Suministro e instalación válvula de bola en PVC 1/2" extremo soldado. Se entregará debidamente instalada sin presencia de fugas ni fisuras. | C38: Un | D38: 1 | E38: 43796 | F38: =D38*E38 -> 43796
A39: 8. | B39: REDES SANITARIAS | F39: =SUM(F40:F44) -> 686568.7
A40: 8.2 | B40: Punto sanitario 2" L= 1.5m max. Incluye el suministro de la tubería, accesorios, limpiador, soldadura y todos los elementos necesarios para su correcta ejecución. | C40: Un | D40: 2 | E40: 59729 | F40: =D40*E40 -> 119458
A41: 8.3 | B41: Punto sanitario 4" L= 1.5m max. Incluye el suministro de la tubería, accesorios, limpiador, soldadura y todos los elementos necesarios para su correcta ejecución. | C41: Un | D41: 1 | E41: 125761 | F41: =D41*E41 -> 125761
A42: 8.4 | B42: Instalación de Tuberia PVC sanitaria 2". Incluye el suministro de la tubería, accesorios, limpiador, soldadura y todos los elementos necesarios para su correcta ejecución. | C42: m | D42: 1.1 | E42: 36847 | F42: =D42*E42 -> 40531.7
A43: 8.6 | B43: Instalación de tuberia PVC sanitaria 4". Incluye el suministro de la tubería, accesorios, limpiador, soldadura y todos los elementos necesarios para su correcta ejecución. | C43: m | D43: 6 | E43: 60542 | F43: =D43*E43 -> 363252
A44: 8.8 | B44: Suministro, transporte e instalación de rejilla de piso cuadrada de 2" en PVC, para desagüe de ducha. Incluye los materiales y todos los elementos necesarios para su correcta instalación. | C44: Un | D44: 1 | E44: 37566 | F44: =D44*E44 -> 37566
A45: 9. | B45: RED ELÉCTRICA | F45: =SUM(F46:F51) -> 334953
A46: 9.5 | B46: Suministro e instalación de tomas GFCI, blanca, de empotrar. Incluye caja, accesorios, fijaciones y todos los elementos para su correcta instalación. Los materiales deben cumplir con certificación RETIE. | C46: Un | D46: 1 | E46: 75827 | F46: =D46*E46 -> 75827
A47: 9.6 | B47: Suministro, transporte e instalación de materiales para salida eléctrica de interruptor monopolar de alumbrado 15 A. 10A, 125 V, según certificación RETIE y pruebas de conformidad UL. Incluye el interruptor, tapa, ducto EMT, cajas con tapa suplemento, adaptadores, curvas, EMT, conductores 12 AWG-CU-THHN/THWN-90ºC, conectores de conexión y empalme, tornillos, obra civil y demás elementos y accesorios para su correcta instalación y funcionamiento. | C47: Un | D47: 1 | E47: 30188 | F47: =D47*E47 -> 30188
A48: 9.7 | B48: Suministro, transporte e instalación de materiales para salida eléctrica de iluminación plafón de alumbrado 15 A. 10A, 125 V, según certificación RETIE y pruebas de conformidad UL. Incluye el interruptor, tapa, ducto EMT, cajas con tapa suplemento, adaptadores, curvas, EMT, conductores 12 AWG-CU-THHN/THWN-90ºC, conectores de conexión y empalme, tornillos, obra civil y demás elementos y accesorios para su correcta instalación y funcionamiento. | C48: Un | D48: 1 | E48: 26499 | F48: =D48*E48 -> 26499
A49: 9.8 | B49: Suministro e instalación de tubería PVC 1/2" tipo Conduit o similar. Incluye accesorios y todos los elementos para su correcta instalación. Los materiales deben cumplir con certificación RETIE. | C49: m | D49: 7 | E49: 6156 | F49: =D49*E49 -> 43092
A50: 9.10 | B50: Suministro, transporte e instalación de materiales para salida eléctrica de toma trifilar con polo a tierra 30 A, 125 V y según la norma NEMA 5-15R, certificación RETIE y pruebas de conformidad UL. | C50: un | D50: 1 | E50: 55502 | F50: =D50*E50 -> 55502
A51: 9.11 | B51: Suministro, transporte e instalación de cable encauchetado de cobre de 3x12AWG materiales Alimentador de acometida, se debe verificar en campo la medida real, para efectos de presupuesto se toman 10 metros. Incluye suministro, instalación cables, conectores y todo lo necesario para su correcta instalación y funcionamiento. | C51: m | D51: 21 | E51: 4945 | F51: =D51*E51 -> 103845
A52: 12. | B52: PUERTAS MADERA-METÁLICAS | F52: =SUM(F53) -> 599576
A53: 12.2 | B53: Suministro e instalación de puerta metálica de 0.80 x 2.10 m calibre 20. Incluye marco, ala, chapa pintura anticorrosivo, acabado en pintura tipo esmalte y todos los elementos necesarios para su ejecución. | C53: Un | D53: 1 | E53: 599576 | F53: =D53*E53 -> 599576
A54: 16. | B54: CUBIERTA | F54: =SUM(F55:F56) -> 721420.44
A55: 16.1 | B55: Suministro, transporte e instalación de cubierta en teja termoacústica UPVC 2.0 mm tipo ECOROOF o similar. Incluye sistemas fijación a elementos estructurales. La medida será tomada en pendiente de cubierta. Color VERDE. | C55: m2 | D55: 6.78 | E55: 65612 | F55: =D55*E55 -> 444849.36
A56: 16.3 | B56: Suministro, transporte e instalación de correa en madera pino pátula inmunizada (ES6) de sección 3"x2". Incluye anclajes y todo lo necesario para su correcto funcionamiento. | C56: m | D56: 8.34 | E56: 33162 | F56: =D56*E56 -> 276571.08
A57: TOTAL COSTO DIRECTO | F57: =SUM(F5+F13) -> 11862723
A59: VALOR TOTAL DE 84 MEJORAMIENTOS | E59: 85 | F59: =F57*E59 -> 1.0083314e+09

Sheet TIPO C
A1: PRESUPUESTO MEJORAMIENTO DE VIVIENDA PARA MUJER RURAL SANTA ROSA DE OSOS
A2: TIPOLOGIA C - ACUEDUCTO + ALCANTARILLADO CON UNIDAD SANITARIA NUEVA
A4: ITEM | B4: DESCRIPCION | C4: UN | D4: CANT | E4: VALOR UNITARIO | F4: VALOR TOTAL
A5: ALCANTARILLADO | F5: =F6+F15 -> 15332138
A6: POZO SÉPTICO Y POZO DE INFILTRACIÓN | F6: =F7+F9 -> 5139592.2
A7: 1. | B7: PRELIMINARES Y EXCAVACIÓN | F7: =F8 -> 293379.66
A8: 1.2.1 | B8: Excavación manual de 0.00 a 2.00 m. Incluye el acarreo interno y disposición del material en el sitio. No incluye transporte ni botada externa del material. Su medida será en sitio. | C8: m3 | D8: 6.66 | E8: 44051 | F8: =D8*E8 -> 293379.66
A9: 8,1 | B9: POZO SEPTICO + POZO DE INFILTRACIÓN | F9: =SUM(F10:F14) -> 4846212.5
A10: 8.10 | B10: Caja de Inspección y/o de Empalme de 0.50x0.50 | C10: un | D10: 1 | E10: 477389 | F10: =D10*E10 -> 477389
A11: 8.11 | B11: Sistema séptico Integrado con capacidad de 1500 Lt o superior, en polietileno lineal de alta densidad o fibra de vidrio reforzada con poliester. Incluye acelerante biológico, filtros tipo colmena o rosetón y todos los elementos necesarios para su correcta instalación. Debera cumplir NTC 5770 2010-06-16 Sistemas de saneamiento Básico para tanques sépticos prefabricados con materiales plasticos | C11: Un | D11: 1 | E11: 3198480 | F11: =D11*E11 -> 3198480
A12: 8.4 | B12: Instalación de Tuberia PVC sanitaria 2". Incluye el suministro de la tubería, accesorios, limpiador, soldadura y todos los elementos necesarios para su correcta ejecución. | C12: m | D12: 6 | E12: 36847 | F12: =D12*E12 -> 221082
A13: 8.6 | B13: Instalación de tuberia PVC sanitaria 4". Incluye el suministro de la tubería, accesorios, limpiador, soldadura y todos los elementos necesarios para su correcta ejecución. | C13: m | D13: 6.75 | E13: 60542 | F13: =D13*E13 -> 408658.5
A14: 8.14 | B14: Construcción de pozo de Infiltración de 1.50 m de diametro y profundidad de 1.2 m, Incluye tuberia y accesorios PVC 4", profundidad de relleno en triturado 1 m. Se recubre el triturado con geotextil NT1600 y plástico negro y se comple la brecha con lleno de material de la excavación. | C14: Un | D14: 1 | E14: 540603 | F14: =D14*E14 -> 540603
A15: UNIDAD SANITARIA CON TORRE | F15: =SUM(F55+F53+F46+F40+F36+F33+F30+F28+F25+F20+F16) -> 10192546
A16: 1. | B16: PRELIMINARES Y EXCAVACIÓN | F16: =SUM(F17:F19) -> 520279.41
A17: 1.14 | B17: Replanteo por medios manuales. Incluye demarcación, línea de trazado y todo lo necesario para su correcta ejecución. | C17: m2 | D17: 5.64 | E17: 7260 | F17: =D17*E17 -> 40946.4
A18: 1.2.1 | B18: Excavación manual de 0.00 a 2.00 m. Incluye el acarreo interno y disposición del material en el sitio. No incluye transporte ni botada externa del material. Su medida será en sitio. | C18: m3 | D18: 1.69 | E18: 44051 | F18: =D18*E18 -> 74446.19
A19: 1.2.4 | B19: Entresuelo en triturado y arena de concreto, compactados manualmente. Incluye transporte interno. Su medida será en sitio ya compactado. | C19: m3 | D19: 1.69 | E19: 239578 | F19: =D19*E19 -> 404886.82
A20: 2. | B20: CONCRETOS Y PISO | F20: =SUM(F21:F24) -> 2600331
A21: 2.7 | B21: Vaciado de viga de amarre superior en concreto a la vista de 21MPa sobre mampostería de sección 0.15x0.20m. Incluye formaleta, equipo y todo lo necesario para su correcta colocación y funcionamiento. | C21: m | D21: 7.59 | E21: 60022 | F21: =D21*E21 -> 455566.98
A22: 2,9 | B22: Construcción de piso en concreto de 21 MPA, acabado llaneado, e=8 cm. Incluye vigas de fundación de 15x20cm, el concreto, formaletería, polietileno y todo lo necesario para su correcta instalación. | C22: m2 | D22: 5.64 | E22: 136978 | F22: =D22*E22 -> 772555.92
A23: 2.11 | B23: Suministro e instalación de acero de refuerzo Fy= 420MPa, corrugado. Incluye transporte con descarga, transporte interno, figurado, alambre de amarre, certificados y todos los elementos necesarios para su correcta instalación, según diseño y recomendaciones estructurales. | C23: kg | D23: 136.14 | E23: 6885 | F23: =D23*E23 -> 937323.9
A24: 2.12 | B24: Construcción de losa aérea en concreto de 21 MPA, e=8 cm.. Incluye vigas perimetrales de 0,15x0,20m, el concreto, obra falsa, formaletería y todo lo necesario para su correcta construcción. | C24: m2 | D24: 1.38 | E24: 315133.5 | F24: =D24*E24 -> 434884.23
A25: 3. | B25: MAMPOSTERÍA | F25: =SUM(F26:F27) -> 2811960.8
A26: 3.4 | B26: Suministro, transporte y colocación de concreto fluido para dovelas en mampostería estructural. Incluye grouting de 21 MPA, espaciadas de acuerdo a los diseños, o en su defecto cada 1.20 m y en las intersecciones de muros. | C26: m | D26: 28 | E26: 27394 | F26: =D26*E26 -> 767032
A27: 3.7 | B27: Construcción de mampostería en bloque de concreto, perforación vertical, de 15x20x40 cm, resistencia de 13 MPA. Incluye el suministro, transporte y colocación del bloque vertical, el mortero de pega 1:4, espesor max=0.01 m, refuerzo horizontal en dos grafiles de 4mm cada 60cm, encorozados y todos los elementos necesarios para su correcta instalación. Todos los cortes serán realizados a máquina. | C27: m2 | D27: 15.87 | E27: 128855 | F27: =D27*E27 -> 2044928.8
A28: 4. | B28: REVOQUE | F28: =F29 -> 203783.48
A29: 4.3 | B29: Revoque impermeabilizado sobre muros, incluye fajas y filetes y todos los elementos necesarios para su ejecución. | C29: m2 | D29: 5.63 | E29: 36196 | F29: =D29*E29 -> 203783.48
A30: 5. | B30: ENCHAPES PISO Y PARED | F30: =SUM(F31:F32) -> 723303.82
A31: 5.1 | B31: Suministro e instalación de enchape ceramico para pared de zonas humedas (Baño, cocina, lavadero), incluye todos los elementos necesarios para su ejecución. | C31: m2 | D31: 5.63 | E31: 93209.2 | F31: =D31*E31 -> 524767.8
A32: 5.2 | B32: Suministro e instalación de enchape piso para zonas humedas (Baño,patio), incluye todos los elementos necesarios para su ejecución. | C32: m2 | D32: 2.13 | E32: 93209.4 | F32: =D32*E32 -> 198536.02
A33: 6. | B33: APARATOS SANITARIOS | F33: =SUM(F34:F35) -> 801181
A34: 6.1 | B34: Suministro, transporte y colocación de combo sanitario económico tipo laguna o similar sin pedestal, color blanco, Incluye: Sanitario de 4.8lt, lavamanos de colgar, grifería y tres accesorios de incrustación a pared (portapel, jabonera y toallero), válvula de regulación o abasto y demas accesorios para su correcta instalación y funcionamiento. | C34: Un | D34: 1 | E34: 659649 | F34: =D34*E34 -> 659649
A35: 6.4 | B35: Suministro, transporte y colocación de Kit Ducha sencilla + llave individual (tipo piscis o similar). Incluye todos los elementos necesarios para su instalación y funcionamiento. | C35: Un | D35: 1 | E35: 141532 | F35: =D35*E35 -> 141532
A36: 7. | B36: REDES HIDRÁULICAS | F36: =SUM(F37:F39) -> 272360.6
A37: 7.1 | B37: Punto hidraulico 1/2" presión L= 1.5m max. Incluye el suministro de la tubería, accesorios, limpiador, soldadura y todos los elementos necesarios para su correcta ejecución. | C37: Un | D37: 3 | E37: 38473 | F37: =D37*E37 -> 115419
A38: 7.2 | B38: Tuberia PVC presión 1/2". Incluye el suministro de la tubería, accesorios, limpiador, soldadura y todos los elementos necesarios para su correcta ejecución. | C38: m | D38: 9.6 | E38: 11786 | F38: =D38*E38 -> 113145.6
A39: 7.3 | B39: Suministro e instalación válvula de bola en PVC 1/2" extremo soldado. Se entregará debidamente instalada sin presencia de fugas ni fisuras. | C39: Un | D39: 1 | E39: 43796 | F39: =D39*E39 -> 43796
A40: 8. | B40: REDES SANITARIAS | F40: =SUM(F41:F45) -> 668145.2
A41: 8.2 | B41: Punto sanitario 2" L= 1.5m max. Incluye el suministro de la tubería, accesorios, limpiador, soldadura y todos los elementos necesarios para su correcta ejecución. | C41: Un | D41: 2 | E41: 59729 | F41: =D41*E41 -> 119458
A42: 8.3 | B42: Punto sanitario 4" L= 1.5m max. Incluye el suministro de la tubería, accesorios, limpiador, soldadura y todos los elementos necesarios para su correcta ejecución. | C42: Un | D42: 1 | E42: 125761 | F42: =D42*E42 -> 125761
A43: 8.4 | B43: Instalación de Tuberia PVC sanitaria 2". Incluye el suministro de la tubería, accesorios, limpiador, soldadura y todos los elementos necesarios para su correcta ejecución. | C43: m | D43: 0.6 | E43: 36847 | F43: =D43*E43 -> 22108.2
A44: 8.6 | B44: Instalación de tuberia PVC sanitaria 4". Incluye el suministro de la tubería, accesorios, limpiador, soldadura y todos los elementos necesarios para su correcta ejecución. | C44: m | D44: 6 | E44: 60542 | F44: =D44*E44 -> 363252
A45: 8.8 | B45: Suministro, transporte e instalación de rejilla de piso cuadrada de 2" en PVC, para desagüe de ducha. Incluye los materiales y todos los elementos necesarios para su correcta instalación. | C45: Un | D45: 1 | E45: 37566 | F45: =D45*E45 -> 37566
A46: 9. | B46: RED ELÉCTRICA | F46: =SUM(F47:F52) -> 334953
A47: 9.5 | B47: Suministro e instalación de tomas GFCI, blanca, de empotrar. Incluye caja, accesorios, fijaciones y todos los elementos para su correcta instalación. Los materiales deben cumplir con certificación RETIE. | C47: Un | D47: 1 | E47: 75827 | F47: =D47*E47 -> 75827
A48: 9.6 | B48: Suministro, transporte e instalación de materiales para salida eléctrica de interruptor monopolar de alumbrado 15 A. 10A, 125 V, según certificación RETIE y pruebas de conformidad UL. Incluye el interruptor, tapa, ducto EMT, cajas con tapa suplemento, adaptadores, curvas, EMT, conductores 12 AWG- CU-THHN/THWN-90ºC, conectores de conexión y empalme, tornillos, obra civil y demás elementos y accesorios para su correcta instalación y funcionamiento. | C48: Un | D48: 1 | E48: 30188 | F48: =D48*E48 -> 30188
A49: 9.7 | B49: Suministro, transporte e instalación de materiales para salida eléctrica de iluminación plafón de alumbrado 15 A. 10A, 125 V, según certificación RETIE y pruebas de conformidad UL. Incluye el interruptor, tapa, ducto EMT, cajas con tapa suplemento, adaptadores, curvas, EMT, conductores 12 AWG- CU-THHN/THWN-90ºC, conectores de conexión y empalme, tornillos, obra civil y demás elementos y accesorios para su correcta instalación y funcionamiento. | C49: Un | D49: 1 | E49: 26499 | F49: =D49*E49 -> 26499
A50: 9.8 | B50: Suministro e instalación de tubería PVC 1/2" tipo Conduit o similar. Incluye accesorios y todos los elementos para su correcta instalación. Los materiales deben cumplir con certificación RETIE. | C50: m | D50: 7 | E50: 6156 | F50: =D50*E50 -> 43092
A51: 9.10 | B51: Suministro, transporte e instalación de materiales para salida eléctrica de toma trifilar con polo a tierra 30 A, 125 V y según la norma NEMA 5-15R, certificación RETIE y pruebas de conformidad UL. | C51: un | D51: 1 | E51: 55502 | F51: =D51*E51 -> 55502
A52: 9.11 | B52: Suministro, transporte e instalación de cable encauchetado de cobre de 3x12AWG materiales Alimentador de acometida, se debe verificar en campo la medida real, para efectos de presupuesto se toman 10 metros. Incluye suministro, instalación cables, conectores y todo lo necesario para su correcta instalación y funcionamiento. | C52: m | D52: 21 | E52: 4945 | F52: =D52*E52 -> 103845
A53: 12. | B53: PUERTAS MADERA-METÁLICAS | F53: =F54 -> 546076
A54: 12.3 | B54: Suministro e instalación de puerta metálica de 0.70 x 2.10 m calibre 20. Incluye marco, ala, chapa pintura anticorrosivo y todos los elementos necesarios para su ejecución. | C54: un | D54: 1 | E54: 546076 | F54: =D54*E54 -> 546076
A55: 16. | B55: CUBIERTA | F55: =SUM(F56:F57) -> 710171.68
A56: 16.1 | B56: Suministro, transporte e instalación de cubierta en teja termoacústica UPVC 2.0 mm tipo ECOROOF o similar. Incluye sistemas fijación a elementos estructurales. La medida será tomada en pendiente de cubierta. Color VERDE. | C56: m2 | D56: 4.88 | E56: 65612 | F56: =D56*E56 -> 320186.56
A57: 16.3 | B57: Suministro, transporte e instalación de correa en madera pino pátula inmunizada (ES6) de sección 3"x2". Incluye anclajes y todo lo necesario para su correcto funcionamiento. | C57: m | D57: 11.76 | E57: 33162 | F57: =D57*E57 -> 389985.12
A58: ACUEDUCTO | F58: =F59+F75 -> 3681084
A59: TANQUE DE ALMACENAMIENTO DE AGUA | F59: =F60+F62+F66+F68 -> 3098008
A60: 10. | B60: TANQUE ALMACENAMIENTO | F60: =F61 -> 655317
A61: 10.1 | B61: Tanque de almacenamiento de agua de 500L en polietileno, incluye el suministro, transporte e instalación del tanque, tuberia PVC-P de 1/2" para purga y rebose, valvula de bola para mantenimiento, pegas, accesorios y todo lo necesario para su correcta instalación. | C61: un | D61: 1 | E61: 655317 | F61: =D61*E61 -> 655317
A62: 7. | B62: REDES HIDRAULICAS | F62: =SUM(F63:F65) -> 403060
A63: 7.2 | B63: Tuberia PVC presión 1/2". Incluye el suministro de la tubería, accesorios, limpiador, soldadura y todos los elementos necesarios para su correcta ejecución. | C63: m | D63: 13 | E63: 11786 | F63: =D63*E63 -> 153218
A64: 7.3 | B64: Suministro e instalación válvula de bola en PVC 1/2" extremo soldado. Se entregará debidamente instalada sin presencia de fugas ni fisuras. | C64: un | D64: 1 | E64: 43796 | F64: =D64*E64 -> 43796
A65: 7.5 | B65: Tuberia PVC presión 1". Incluye el suministro de la tubería, accesorios, limpiador, soldadura y todos los elementos necesarios para su correcta ejecución. | C65: m | D65: 18 | E65: 11447 | F65: =D65*E65 -> 206046
A66: 17 | B66: SISTEMA DE BOMBEO | F66: =F67 -> 867137
A67: 17.1 | B67: Suministro, transporte e instalación de sistema de bombeo, compuesto por una bomba de 1/2Hp, presión maxima de 38 M.C.A. y un caudal maximo de 38 lt/min a 120V A/C. Incluye valvula flotadora electrica, valvula de cheque de 1", tuberia desde el tanque a nivel de piso hasta el tanque elevado en PVC-P de 1", accesorios, limpiador, pega, domo de protección para la bomba en lamina galvanizada y todo lo necesario para su correcto funcionamiento. | C67: un | D67: 1 | E67: 867137 | F67: =D67*E67 -> 867137
A68: 9. | B68: INSTALACIONES ELECTRICAS | F68: =SUM(F69:F74) -> 1172494
A69: 9.5 | B69: Suministro e instalación de tomas GFCI, blanca, de empotrar. Incluye caja, accesorios, fijaciones y todos los elementos para su correcta instalación. Los materiales deben cumplir con certificación RETIE. | C69: Un | D69: 1 | E69: 75827 | F69: =D69*E69 -> 75827
A70: 9.9 | B70: Suministro e instalación de cable de cobre 12AWU-Cu-THHN- THWN 90°C. Los materiales deben cumplir con Certificación RETIE. | C70: m | D70: 27 | E70: 6950 | F70: =D70*E70 -> 187650
A71: 9.12 | B71: Suministro, transporte e instalación de materiales para sistema de control de electrobomba Periferica 0.5 Hp 110v Pqm60 según la norma NEMA 5-15R, certificación RETIE y pruebas de conformidad UL. | C71: Un | D71: 1 | E71: 20838 | F71: =D71*E71 -> 20838
A72: 9.13 | B72: Suministro e instalación de tubería EMT 1 1/4" tipo Conduit o similar. Incluye accesorios y todos los elementos para su correcta instalación. Los materiales deben cumplir con certificación RETIE. | C72: m | D72: 9 | E72: 77229 | F72: =D72*E72 -> 695061
A73: 9.14 | B73: Suministro e instalación de tablero de distribución de 6 circuitos con todos los elementos para su correcta instalación. Los materiales deben cumplir con Certificación RETIE | C73: un | D73: 1 | E73: 171736 | F73: =D73*E73 -> 171736
A74: 9.15 | B74: Suministro e instalación de protección del circuito de 1x20A | C74: un | D74: 2 | E74: 10691 | F74: =D74*E74 -> 21382
A75: SISTEMA DE MEJORAMIENTO DE AGUA CON OZONIZADOR | F75: =F76 -> 583076
A76: 18 | B76: SISTEMA DE MEJORAMIENTO DE CALIDAD DEL AGUA | F76: =SUM(F77:F78) -> 583076
A77: 11.8 | B77: Sistema de Mejoramiento con Ozonizador en acero inoxidable tipo domestico. Incluye un cartucho ozonizador | C77: un | D77: 1 | E77: 544603 | F77: =D77*E77 -> 544603
A78: 7.1 | B78: Punto hidraulico 1/2" presión L= 1.5m max. Incluye el suministro de la tubería, accesorios, limpiador, soldadura y todos los elementos necesarios para su correcta ejecución. | C78: un | D78: 1 | E78: 38473 | F78: =D78*E78 -> 38473
A79: TOTAL COSTO DIRECTO | F79: =F6+F15+F58 -> 19013222
A81: VALOR TOTAL DE 83 MEJORAMIENTOS | E81: 5 | F81: =F79*E81 -> 95066111

Sheet LOCATIVOS COCINAS
A1: PRESUPUESTO MEJORAMIENTO DE VIVIENDA PARA MUJER RURAL SANTA ROSA DE OSOS
A2: TIPOLOGIA MEJORAMIENTOS LOCATIVOS COCINAS
A4: ITEM | B4: DESCRIPCION | C4: UN | D4: CANT | E4: VALOR UNITARIO | F4: VALOR TOTAL
A5: MODULO COCINA | F5: =SUM(F6+F9+F13+F16++F18+F20+F24) -> 4884274.7
A6: 1. | B6: PRELIMINARES | F6: =SUM(F7:F8) -> 111284
A7: 1.1 | B7: Desmonte de lavaplatos (incluye retiro) | C7: m2 | D7: 1 | E7: 48945 | F7: =E7*D7 -> 48945
A8: 1.2 | B8: Demolición de mesón en concreto (Incluye retiro) | C8: un | D8: 1 | E8: 62339 | F8: =E8*D8 -> 62339
A9: 7 | B9: REDES HIDRAULICAS | F9: =SUM(F10:F12) -> 117627
A10: 7.1 | B10: Punto hidraulico 1/2" presión L= 1.5m max. Incluye el suministro de la tubería, accesorios, limpiador, soldadura y todos los elementos necesarios para su correcta ejecución. | C10: un | D10: 1 | E10: 38473 | F10: =D10*E10 -> 38473
A11: 7.2 | B11: Tuberia PVC presión 1/2". Incluye el suministro de la tubería, accesorios, limpiador, soldadura y todos los elementos necesarios para su correcta ejecución. | C11: m | D11: 3 | E11: 11786 | F11: =D11*E11 -> 35358
A12: 7.3 | B12: Suministro e instalación válvula de bola en PVC 1/2" extremo soldado. Se entregará debidamente instalada sin presencia de fugas ni fisuras. | C12: Un | D12: 1 | E12: 43796 | F12: =D12*E12 -> 43796
A13: 8 | B13: REDES SANITARIAS | F13: =SUM(F14:F15) -> 100260.7
A14: 8.2 | B14: Punto sanitario 2" L= 1.5m max. Incluye el suministro de la tubería, accesorios, limpiador, soldadura y todos los elementos necesarios para su correcta ejecución. | C14: Un | D14: 1 | E14: 59729 | F14: =D14*E14 -> 59729
A15: 8.4 | B15: Instalación de Tuberia PVC sanitaria 2". Incluye el suministro de la tubería, accesorios, limpiador, soldadura y todos los elementos necesarios para su correcta ejecución. | C15: m | D15: 1.1 | E15: 36847 | F15: =D15*E15 -> 40531.7
A16: 3. | B16: MAMPOSTERÍA | F16: =SUM(F17:F17) -> 98982
A17: 3.5 | B17: Construcción de mampostería en bloque de concreto, perforación vertical, de 10x20x40 cm, resistencia de 10 MPA. Incluye el suministro, transporte y colocación del bloque vertical, el mortero de pega 1:4, espesor max=0.01 m, refuerzo horizontal en dos grafiles de 4mm cada 60cm, encorozados y todos los elementos necesarios para su correcta instalación. Todos los cortes serán realizados a máquina. | C17: m2 | D17: 1 | E17: 98982 | F17: =D17*E17 -> 98982
A18: 5. | B18: ENCHAPES PISO Y PARED | F18: =F19 -> 102530.01
A19: 5.1 | B19: Suministro e instalación de enchape ceramico para pared de zonas humedas (Baño, cocina, lavadero), incluye todos los elementos necesarios para su ejecución. | C19: m2 | D19: 1.1 | E19: 93209.1 | F19: =D19*E19 -> 102530.01
A20: 17 | B20: MESON Y MUEBLES | F20: =SUM(F21:F23) -> 4118000
A21: 17.1 | B21: Suministro e instalación de mesón en acero inoxidable 1,50 m con estufa gas 4 puestos y poceta (incluye accesorios) suministro e instalación | C21: un | D21: 1 | E21: 2400000 | F21: =D21*E21 -> 2400000
A22: 17.3 | B22: Suministro e instalación de mueble superior de cocina en lámina rh (incluye 4 puertas, divisorios, entrepaños y accesorios); long 1,50 | C22: un | D22: 1 | E22: 1400000 | F22: =D22*E22 -> 1400000
A23: 17.4 | B23: Suministro e instalación de Grifería para lavaplatos sencilla (incluye accesorios) suministro e instalación | C23: un | D23: 1 | E23: 318000 | F23: =D23*E23 -> 318000
A24: 9. | B24: RED ELÉCTRICA | F24: =SUM(F25:F29) -> 235591
A25: 9.5 | B25: Suministro e instalación de tomas GFCI, blanca, de empotrar. Incluye caja, accesorios, fijaciones y todos los elementos para su correcta instalación. Los materiales deben cumplir con certificación RETIE. | C25: Un | D25: 1 | E25: 75827 | F25: =D25*E25 -> 75827
A26: 9.6 | B26: Suministro, transporte e instalación de materiales para salida eléctrica de interruptor monopolar de alumbrado 15 A. 10A, 125 V, según certificación RETIE y pruebas de conformidad UL. Incluye el interruptor, tapa, ducto EMT, cajas con tapa suplemento, adaptadores, curvas, EMT, conductores 12 AWG-CU-THHN/THWN-90ºC, conectores de conexión y empalme, tornillos, obra civil y demás elementos y accesorios para su correcta instalación y funcionamiento. | C26: Un | D26: 1 | E26: 30188 | F26: =D26*E26 -> 30188
A27: 9.8 | B27: Suministro e instalación de tubería PVC 1/2" tipo Conduit o similar. Incluye accesorios y todos los elementos para su correcta instalación. Los materiales deben cumplir con certificación RETIE. | C27: m | D27: 4 | E27: 6156 | F27: =D27*E27 -> 24624
A28: 9.10 | B28: Suministro, transporte e instalación de materiales para salida eléctrica de toma trifilar con polo a tierra 30 A, 125 V y según la norma NEMA 5-15R, certificación RETIE y pruebas de conformidad UL. | C28: un | D28: 1 | E28: 55502 | F28: =D28*E28 -> 55502
A29: 9.11 | B29: Suministro, transporte e instalación de cable encauchetado de cobre de 3x12AWG materiales Alimentador de acometida, se debe verificar en campo la medida real, para efectos de presupuesto se toman 10 metros. Incluye suministro, instalación cables, conectores y todo lo necesario para su correcta instalación y funcionamiento. | C29: m | D29: 10 | E29: 4945 | F29: =D29*E29 -> 49450
A30: TOTAL COSTO DIRECTO | F30: =SUM(F6+F9+F13+F16+F18+F20+F24) -> 4884274.7
A32: VALOR TOTAL DE 5 MEJORAMIENTOS | E32: 5 | F32: =F30*E32 -> 24421374

Sheet LOCATIVOS PISOS
A1: PRESUPUESTO MEJORAMIENTO DE VIVIENDA PARA MUJER RURAL SANTA ROSA DE OSOS
A2: TIPOLOGIA MEJORAMIENTOS LOCATIVOS PISOS
A4: ITEM | B4: DESCRIPCION | C4: UN | D4: CANT | E4: VALOR UNITARIO | F4: VALOR TOTAL
A5: PISOS | F5: =SUM(F6+F9) -> 4989490
A6: 1. | B6: PRELIMINARES | F6: =SUM(F7:F8) -> 363490
A7: 1.3 | B7: Demolición placa piso 0.05m | C7: m2 | D7: 20 | E7: 12578 | F7: =E7*D7 -> 251560
A8: 1.4 | B8: Picada de piso existente para afinado (Incluye retiro) | C8: m2 | D8: 10 | E8: 11193 | F8: =E8*D8 -> 111930
A9: 2 | B9: CONCRETOS Y PISOS | F9: =SUM(F10:F12) -> 4626000
A10: 2.1 | B10: Construcción de piso mortero 1:4, e=4 cm. Incluye el concreto, la formaleteria y todo lo necesario para su correcta instalación. | C10: m2 | D10: 20 | E10: 51000 | F10: =D10*E10 -> 1020000
A11: 2.2 | B11: Suminsitro e instalación de refuerzo malla electrosoldada. | C11: kg | D11: 31 | E11: 26000 | F11: =D11*E11 -> 806000
A12: 2.3 | B12: Suministro e instalación de piso cerámico semibrillante, formatos de 33,8 cm x 33,8 cm hasta 61 cm x 61 cm (incluye adhesivo y boquilla) suministro e instalación | C12: m2 | D12: 20 | E12: 140000 | F12: =D12*E12 -> 2800000
A13: TOTAL COSTO DIRECTO | F13: =SUM(F5) -> 4989490
A15: VALOR TOTAL DE 5 MEJORAMIENTOS | E15: 5 | F15: =F13*E15 -> 24947450

Sheet RESUMEN
A1: RESUMEN PRESUPUESTO MEJORAMIENTO DE VIVIENDA PARA MUJER RURAL SANTA ROSA DE OSOS
A2: DESCRIPCION | B2: APORTE VIVA | D2: APORTE MUNICIPIO
B3: CANT | C3: VALOR | D3: CANT | E3: VALOR
A4: TOTAL COSTO DIRECTO TIPOLOGIA B - ALCANTARILLADO | B4: ='TIPO B'!E59 -> 85 | C4: ='TIPO B'!F59 -> 1.0083314e+09
A5: TOTAL COSTO DIRECTO TIPOLOGIA C - ACUEDUCTO + ALCANTARILLADO CON UNIDAD SANITARIA NUEVA | B5: ='TIPO C'!E81 -> 5 | C5: ='TIPO C'!F81 -> 95066111
A6: TOTAL COSTO DIRECTO TIPOLOGIA MEJORAMIENTOS LOCATIVOS COCINAS | D6: ='LOCATIVOS COCINAS'!E32 -> 5 | E6: ='LOCATIVOS COCINAS'!F32 -> 24421374
A7: TOTAL COSTO DIRECTO TIPOLOGIA MEJORAMIENTOS LOCATIVOS PISOS | D7: ='LOCATIVOS PISOS'!E15 -> 5 | E7: ='LOCATIVOS PISOS'!F15 -> 24947450
A8: TOTAL COSTOS DIRECTOS | C8: =SUM(C4:C7) -> 1.1033976e+09 | E8: =SUM(E6:E7) -> 49368824
A9: TRANSPORTE | B9: 0.05 | C9: =C8*B9 -> 55169878 | D9: 0.05 | E9: =E8*D9 -> 2468441.2
A10: ADMINISTRACION | B10: 0.2672 | C10: =C8*B10 -> 2.9482783e+08 | D10: 0.2956 | E10: =E8*D10 -> 14593424
A11: UTILIDAD | B11: 0.05 | C11: =C8*B11 -> 55169878 | D11: 0.05 | E11: =E8*D11 -> 2468441.2
A12: VALOR TOTAL | C12: =SUM(C8:C11) -> 1.5085651e+09 | E12: =SUM(E8:E11) -> 68899130
A13: RECURSOS A ADMINISTRAR | E13: =C12+E12 -> 1.5774643e+09
A14: HONORARIOS 2% ADMINISTRACION | D14: 0.02 | E14: =E13*D14 -> 31549285
A15: IVA HONORARIOS | C15: =C14*B15 -> 0 | D15: 0.19 | E15: =E14*D15 -> 5994364.2
A16: TOTAL HONORARIOS | C16: =C14+C15 -> 0 | E16: =SUM(E14:E15) -> 37543650
A17: TOTAL PROYECTO | C17: =C12 -> 1.5085651e+09 | E17: =SUM(E12+E16) -> 1.0644278e+08
A19: TOTAL DEL PROYECTO APORTES VIVA Y MUNICIPIO | E19: =C17+E17 -> 1.6150079e+09 | G19: 1532950650 | H19: =C17-G19 -> -24385512
G21: 1644950650 | H21: =G21-E19 -> 29942732

Sheet DISCRIMINACION AU DPTO
A1: DISCRIMINACION DE LA ADMINISTRACION Y LA UTILIDAD
C2: Unidad | D2: Cant | E2: % | F2: VALOR EN $ | G2: Cantidad | H2: FP | I2: SUBTOTALES ($) | J2: PORCENTAJE (%)
B4: COSTO DIRECTO DEL PROYECTO | F4: =RESUMEN!C8 -> 1.1033976e+09 | G4: =F4/9 -> 1.2259973e+08 | H4: =G4/9 -> 13622192 | I4: =G4-H4 -> 1.0897754e+08
B5: COSTO TOTAL DEL PROYECTO | F5: =RESUMEN!C12 -> 1.5085651e+09 | G5: =F5/9 -> 1.6761835e+08
A7: 1. | B7: IMPUESTOS MUNICIPALES
A8: 1.1 | B8: Impuestos Municipales. De acuerdo al estatuto tributario de la entidad | I8: =SUM(I9:I13) -> 1.9088778e+08 | J8: =SUM(J9:J13) -> 0.09
B9: Estampillas | C9: % | G9: 0.123 | I9: =F4*G9 -> 1.357179e+08 | J9: 0.04
B10: Fondo de seguridad - Ley 418 de 1997 | C10: % | G10: 0.05 | I10: =F4*G10 -> 55169878 | J10: 0.05
A15: 1.2 | B15: Costos de legalización | I15: =SUM(I16:I16) -> 8297108.3 | J15: =J16 -> 0.0075196
A16: 1.2.2 | B16: Pólizas de Cumplimiento y RCE | C16: 1 | F16: =F5*0.55% -> 8297108.3 | I16: =+F16*C16 -> 8297108.3 | J16: =I16/F4 -> 0.0075196
A18: 1.3 | B18: Costos del personal de administración del contrato | I18: =+SUM(I19:I21) -> 87591900 | J18: =SUM(J20:J21) -> 0.027423497
A19: 1.3.1 | B19: Director de obra | C19: Mes | D19: 11 | E19: 0.6 | F19: 6000000 | G19: 1 | H19: 1.4478 | I19: =D19*E19*F19*G19*H19 -> 57332880 | J19: =I19/F4 -> 0.051960311
A20: 1.3.2 | B20: Tecnologo en construcciones civiles | C20: Mes | D20: 11 | E20: 0.5 | F20: 3000000 | G20: 1 | H20: 1.4478 | I20: =D20*E20*F20*G20*H20 -> 23888700 | J20: =I20/F4 -> 0.02165013
A21: 1.3.3 | B21: Tecnologo SISO | C21: Mes | D21: 11 | E21: 0.2 | F21: 2000000 | G21: 1 | H21: 1.4478 | I21: =+G21*F21*E21*H21*D21 -> 6370320 | J21: =+I21/F4 -> 0.0057733679
A23: 1.4 | B23: Otros costos | I23: =+SUM(I24:I28) -> 6000000 | J23: =SUM(J24:J28) -> 0.0639
A24: 1.4.1 | B24: Arrendamientos, bodegas, servicios Públicos, gastos de papelería, equipos (alquiler), gastos bancarios, caja menor | C24: Und | F24: 800000 | G24: 0 | I24: =+G24*F24 -> 0 | J24: =+I24/$G$5 -> 0
A25: 1.4.2 | B25: Ensayos de laboratorio de concretos y densidades, se cancela contra factura y resultado | C25: Und | F25: 0 | G25: 0 | I25: =+G25*F25 -> 0 | J25: =+I25/$G$5 -> 0
A26: 1.4.4 | B26: Señalética durante el tiempo de la obra y cerramiento en Zaran | C26: GL | F26: 700000 | G26: 0 | I26: =+G26*F26 -> 0 | J26: =+I26/$G$5 -> 0
A27: 1.4.5 | B27: Vallas de Información con estructura metálica | C27: GL | F27: 500000 | G27: 1 | I27: =+G27*F27 -> 500000 | J27: 0.0079
A28: 1.4.6 | B28: Alojamiento y alimentación personal | C28: mes | F28: 500000 | G28: 11 | I28: =+G28*F28 -> 5500000 | J28: 0.056
A30: 1.5 | B30: Oficina Central | I30: =+SUM(I31:I38) -> 0 | J30: =SUM(J31:J38) -> 0
A31: 1.5.1 | B31: Gerencia | C31: Und | E31: 0 | F31: 11495000 | G31: 4 | H31: 1.4478 | I31: =+F31*E31*G31*H31 -> 0 | J31: 0
A32: 1.5.2 | B32: Jefe de Talento Humano | C32: Und | E32: 0 | F32: 3024000 | G32: 4 | H32: 1.4478 | I32: =+F32*E32*G32*H32 -> 0 | J32: 0
A33: 1.5.3 | B33: Auxiliar contabilidad | C33: Und | E33: 0 | F33: 2350000 | G33: 4 | H33: 1.4478 | I33: =+F33*E33*G33*H33 -> 0 | J33: 0
A34: 1.5.4 | B34: Jefe de Compras | C34: Und | E34: 0 | F34: 3472000 | G34: 4 | H34: 1.4478 | I34: =+F34*E34*G34*H34 -> 0 | J34: 0
A35: 1.5.5 | B35: Mensajería | C35: Und | E35: 0 | F35: 1924903 | G35: 4 | H35: 1.4478 | I35: =+F35*E35*G35*H35 -> 0 | J35: 0
A36: 1.5.6 | B36: Contadora | C36: Und | E36: 0 | F36: 4815000 | G36: 4 | H36: 1.4478 | I36: =+F36*E36*G36*H36 -> 0 | J36: 0
A37: 1.5.7 | B37: Facturación | C37: Und | E37: 0 | F37: 2770000 | G37: 4 | H37: 1.4478 | I37: =+F37*E37*G37*H37 -> 0 | J37: 0
A38: 1.5.8 | B38: Locativos | C38: Und | E38: 0 | F38: 4370000 | G38: 4 | H38: 1.4478 | I38: =+F38*E38*G38*H38 -> 0 | J38: 0
B40: TOTAL ADMINISTRACIÓN | I40: =ROUND(+I23+I18+I15+I8+I30,0) -> 292776785 | J40: =+I40/$F$4 -> 0.26534116
B42: UTILIDAD | C42: % | G42: 0.05 | I42: =ROUND(+G42*F4,0) -> 55169878 | J42: =+I42/$F$4 -> 0.05
B44: TOTAL AU (%) | I44: =+I40+I42 -> 347946663 | J44: =+I44/F4 -> 0.31534116

Sheet DISCRIMINACION AU MPIO
A1: DISCRIMINACION DE LA ADMINISTRACION Y LA UTILIDAD
C2: Unidad | D2: Cant | E2: % | F2: VALOR EN $ | G2: Cantidad | H2: FP | I2: SUBTOTALES ($) | J2: PORCENTAJE (%)
B4: COSTO DIRECTO DEL PROYECTO | F4: =RESUMEN!E8 -> 49368824 | G4: =F4/9 -> 5485424.8 | H4: =G4/9 -> 609491.65 | I4: =G4-H4 -> 4875933.2
B5: COSTO TOTAL DEL PROYECTO | F5: =RESUMEN!E12 -> 68899130 | G5: =F5/9 -> 7655458.9
A7: 1. | B7: IMPUESTOS MUNICIPALES
A8: 1.1 | B8: Impuestos Municipales. De acuerdo al estatuto tributario de la entidad | I8: =SUM(I9:I13) -> 7158479.4 | J8: =SUM(J9:J13) -> 0.145
B9: Estampilla pro adulto mayor | C9: % | G9: 0.04 | I9: =F4*G9 -> 1974752.9 | J9: 0.04
B10: Estampilla procultura | C10: % | G10: 0.02 | I10: =F4*G10 -> 987376.47 | J10: 0.02
B11: Tasa pro deportes recreación | C11: % | G11: 0.015 | I11: =F4*G11 -> 740532.35 | J11: 0.015
B12: Fondo de seguridad - Ley 418 de 1997 | C12: % | G12: 0.05 | I12: =F4*G12 -> 2468441.2 | J12: 0.05
B13: Estampilla para la Justicia Familiar | C13: % | G13: 0.02 | I13: =F4*G13 -> 987376.47 | J13: 0.02
A15: 1.2 | B15: Costos de legalización | I15: =SUM(I16:I16) -> 378945.22 | J15: =J16 -> 0.0076758
A16: 1.2.2 | B16: Pólizas de Cumplimiento y RCE | C16: 1 | F16: =F5*0.55% -> 378945.22 | I16: =+F16*C16 -> 378945.22 | J16: =I16/F4 -> 0.0076758
A18: 1.3 | B18: Costos del personal de administración del contrato | I18: =+SUM(I19:I20) -> 5501640 | J18: =SUM(J19:J20) -> 0.11143956
A19: 1.3.2 | B19: Tecnologo en construcciones civiles | C19: Mes | D19: 2 | E19: 0.5 | F19: 3000000 | G19: 1 | H19: 1.4478 | I19: =D19*E19*F19*G19*H19 -> 4343400 | J19: =I19/F4 -> 0.0879786
A20: 1.3.3 | B20: Tecnologo SISO | C20: Mes | D20: 2 | E20: 0.2 | F20: 2000000 | G20: 1 | H20: 1.4478 | I20: =+G20*F20*E20*H20*D20 -> 1158240 | J20: =+I20/F4 -> 0.02346096
A22: 1.4 | B22: Otros costos | I22: =+SUM(I23:I27) -> 2280000 | J22: =SUM(J23:J27) -> 0.0639
A23: 1.4.1 | B23: Arrendamientos, bodegas, servicios Públicos, gastos de papelería, equipos (alquiler), gastos bancarios, caja menor | C23: Und | F23: 800000 | G23: 0 | I23: =+G23*F23 -> 0 | J23: =+I23/$G$5 -> 0
A24: 1.4.2 | B24: Ensayos de laboratorio de concretos y densidades, se cancela contra factura y resultado | C24: Und | F24: 0 | G24: 0 | I24: =+G24*F24 -> 0 | J24: =+I24/$G$5 -> 0
A25: 1.4.4 | B25: Señalética durante el tiempo de la obra y cerramiento en Zaran | C25: GL | F25: 700000 | G25: 0 | I25: =+G25*F25 -> 0 | J25: =+I25/$G$5 -> 0
A26: 1.4.5 | B26: Vallas de Información con estructura metálica | C26: GL | F26: 500000 | G26: 1 | I26: =+G26*F26 -> 500000 | J26: 0.0079
A27: 1.4.6 | B27: Alojamiento y alimentación personal | C27: mes | F27: 890000 | G27: 2 | I27: =+G27*F27 -> 1780000 | J27: 0.056
A29: 1.5 | B29: Oficina Central | I29: =+SUM(I30:I37) -> 0 | J29: =SUM(J30:J37) -> 0
A30: 1.5.1 | B30: Gerencia | C30: Und | E30: 0 | F30: 11495000 | G30: 4 | H30: 1.4478 | I30: =+F30*E30*G30*H30 -> 0 | J30: 0
A31: 1.5.2 | B31: Jefe de Talento Humano | C31: Und | E31: 0 | F31: 3024000 | G31: 4 | H31: 1.4478 | I31: =+F31*E31*G31*H31 -> 0 | J31: 0
A32: 1.5.3 | B32: Auxiliar contabilidad | C32: Und | E32: 0 | F32: 2350000 | G32: 4 | H32: 1.4478 | I32: =+F32*E32*G32*H32 -> 0 | J32: 0
A33: 1.5.4 | B33: Jefe de Compras | C33: Und | E33: 0 | F33: 3472000 | G33: 4 | H33: 1.4478 | I33: =+F33*E33*G33*H33 -> 0 | J33: 0
A34: 1.5.5 | B34: Mensajería | C34: Und | E34: 0 | F34: 1924903 | G34: 4 | H34: 1.4478 | I34: =+F34*E34*G34*H34 -> 0 | J34: 0
A35: 1.5.6 | B35: Contadora | C35: Und | E35: 0 | F35: 4815000 | G35: 4 | H35: 1.4478 | I35: =+F35*E35*G35*H35 -> 0 | J35: 0
A36: 1.5.7 | B36: Facturación | C36: Und | E36: 0 | F36: 2770000 | G36: 4 | H36: 1.4478 | I36: =+F36*E36*G36*H36 -> 0 | J36: 0
A37: 1.5.8 | B37: Locativos | C37: Und | E37: 0 | F37: 4370000 | G37: 4 | H37: 1.4478 | I37: =+F37*E37*G37*H37 -> 0 | J37: 0
B39: TOTAL ADMINISTRACIÓN | I39: =ROUND(+I22+I18+I15+I8+I29,0) -> 15319065 | J39: =+I39/$F$4 -> 0.31029836
B41: UTILIDAD | C41: % | G41: 0.05 | I41: =ROUND(+G41*F4,0) -> 2468441 | J41: =+I41/$F$4 -> 0.049999996
B43: TOTAL AU (%) | I43: =+I39+I41 -> 17787506 | J43: =+I43/F4 -> 0.36029836
